[Event "LEM Sachsen-Anhalt Open 2024"]
[Site "Merseburg"]
[Date "2024.02.08"]
[Round "1.2"]
[White "Tawilah, Youssef"]
[Black "Carnot, Luca"]
[Result "0-1"]
[ECO "D02"]
[WhiteElo "1541"]
[BlackElo "2063"]
[Annotator "NA RC"]
[PlyCount "122"]
[EventDate "2024.02.01"]
[EventType "swiss"]
[EventCountry "GER"]
[SourceTitle "playchess.com"]
[Source "ChessBase"]
[SourceQuality "1"]
[TimeControl "40/5400+30:1800+30"]

1. Nf3 c5 2. c3 Nf6 3. d4 d5 4. Bf4 Nc6 5. e3 e6 6. Nbd2 Bd6 {[%emt 0:04:37] 6...cxd4 is more fashionable.} 7. Bg3 O-O 8. Ne5 {[%emt 0:04:47] D02: 1 d4 d5 2 Nf3 sidelines, including 2...Nf6 3 g3 and 2...Nf6 3 Bf4.} Qc7 9. f4 Ne8 10. Bd3 Ne7 11. O-O Rb8 $146 ({Predecessor:} 11... f6 12. Nef3 g6 13. Rc1 Ng7 14. e4 Bxf4 15. Bxf4 Qxf4 16. Qe2 Qc7 17. e5 f5 18. dxc5 Qxc5+ {½-½ Sukandar,I (2384)-Fataliyeva,U (2384) Wch Rapid (Women) 2017 (7)}) 12. Qe2 f6 (12... c4 $5 13. Bb1 b5 $11) 13. Nef3 Bd7 (13... c4 $11 14. Bb1 b5) 14. e4 dxe4 15. Nxe4 Nf5 16. Nxd6 Nxg3 17. hxg3 Nxd6 18. Qc2 Nf5 19. Bxf5 exf5 20. d5 c4 21. Rad1 Rbd8 22. Rd4 Bc8 23. Rfd1 Qc5 24. Kh2 Rd6 25. Ne1 Re8 26. Qd2 b5 27. Nc2 Bb7 ({Black should try} 27... Bd7 $11) 28. Ne3 (28. b3 $16) 28... g6 29. g4 (29. Re1 $14 Rdd8 30. b3) 29... fxg4 30. Nxg4 Bc8 31. Nf2 f5 32. Re1 Rxe1 33. Qxe1 Rd8 34. d6 Qc6 35. Qd2 Bb7 36. Nh3 Qd7 37. Ng5 h6 38. Nh3 Qc6 (38... Bc6 $11) 39. Ng1 (39. d7 $142 Kf7 40. Rd6) 39... Qa6 40. b3 Be4 (40... Rd7 $11 {keeps the balance.}) 41. bxc4 ({White should try} 41. d7 $16 Qf6 42. Nf3 (42. bxc4 bxc4 43. Nf3 Bxf3 $16) 42... Bxf3 43. gxf3) 41... bxc4 42. Nh3 Qc6 43. Qe2 Rxd6 44. Rxd6 Qxd6 45. Qxc4+ Kg7 46. Qd4+ $2 (46. Qe2 $11 {and White stays safe.}) 46... Qxd4 47. cxd4 Kf6 48. Nf2 Bc2 49. Kg3 Ke6 50. Kf3 Kd5 51. Ke3 Kc4 52. g3 a5 53. Kd2 Bb1 54. d5 Kxd5 55. Nd1 $11 Be4 (55... Kd4 56. a3) (55... Bxa2 56. Nc3+ Kd4 57. Nxa2 $11) 56. Kc3 Bb1 57. Kb2 $2 Bd3 (57... Bxa2 $142 58. Nc3+ Kd4 59. Nxa2 Ke3) 58. Kc3 Be2 59. Nf2 Bf1 60. a3 Bb5 61. g4 $19 (61. Kd2 $142 Kd4 62. Nd1) 61... h5 0-1

[Event "LEM Sachsen-Anhalt Open 2024"]
[Site "Merseburg"]
[Date "2024.02.08"]
[Round "1.4"]
[White "Swoboda, Julian"]
[Black "Hentzgen, Thomas"]
[Result "0-1"]
[ECO "B30"]
[WhiteElo "1492"]
[BlackElo "1939"]
[Annotator "RC"]
[PlyCount "98"]
[EventDate "2024.02.01"]
[EventType "swiss"]
[EventCountry "GER"]
[SourceTitle "playchess.com"]
[Source "ChessBase"]
[SourceQuality "1"]
[TimeControl "40/5400+30:1800+30"]

1. e4 c5 2. Nf3 Nc6 3. Bb5 e6 4. O-O Nge7 5. c3 a6 6. Ba4 b5 7. Bc2 Bb7 8. d4 cxd4 9. Nxd4 Ng6 10. Nd2 Be7 11. f4 Qb6 12. N2f3 f6 13. Kh1 O-O-O 14. a4 b4 15. Qe2 e5 16. Nxc6 dxc6 17. a5 Qc7 18. f5 Nf4 19. Bxf4 exf4 20. Nd4 Qe5 21. Qc4 c5 22. Ne6 Rd2 23. cxb4 f3 24. g3 Qxb2 25. Rac1 Qxb4 26. Qxb4 cxb4 27. Rxf3 Kb8 28. Bb1 Rc8 29. Rxc8+ Kxc8 30. Rf1 b3 31. Kg1 Bb4 32. Rc1+ Kb8 33. Nxg7 Bxa5 34. Ne6 Bb6+ 35. Kh1 Re2 36. h4 b2 37. Rd1 Bxe4+ 38. Bxe4 Rxe4 39. Rb1 Re2 40. Nf4 Rc2 41. Nd3 Bd4 42. g4 a5 43. g5 fxg5 44. hxg5 a4 45. f6 a3 46. f7 Bg7 47. Re1 a2 48. Nxb2 Rxb2 49. Ra1 Rb1+ 0-1

[Event "LEM Sachsen-Anhalt Open 2024"]
[Site "Merseburg"]
[Date "2024.02.08"]
[Round "1.5"]
[White "Michalek, Martin"]
[Black "Brueggemann, Frank"]
[Result "1/2-1/2"]
[ECO "B23"]
[WhiteElo "1935"]
[BlackElo "2100"]
[Annotator "RC"]
[PlyCount "50"]
[EventDate "2024.02.01"]
[EventType "swiss"]
[EventCountry "GER"]
[SourceTitle "playchess.com"]
[Source "ChessBase"]
[SourceQuality "1"]
[TimeControl "40/5400+30:1800+30"]

1. e4 d6 2. f4 Nf6 3. Nc3 c5 4. Nf3 Nc6 5. Bb5 Bd7 6. d3 g6 7. O-O Bg7 8. Qe1 O-O 9. Bxc6 Bxc6 10. f5 Qd7 11. Qh4 b5 12. Ng5 b4 13. Ne2 e6 14. fxg6 fxg6 15. Bd2 e5 16. Rf3 h6 17. Nh3 Qg4 18. Qg3 Bd7 19. Nf2 Qxg3 20. Nxg3 Ng4 21. Rxf8+ Rxf8 22. Nxg4 Bxg4 23. h3 Be6 24. c3 a5 25. b3 Rc8 1/2-1/2

[Event "LEM Sachsen-Anhalt Open 2024"]
[Site "Merseburg"]
[Date "2024.02.08"]
[Round "1.6"]
[White "Zander, Ben Erik"]
[Black "Dobierzin, Olaf"]
[Result "0-1"]
[ECO "B88"]
[WhiteElo "1449"]
[BlackElo "1927"]
[Annotator "NA RC"]
[PlyCount "56"]
[EventDate "2024.02.01"]
[EventType "swiss"]
[EventCountry "GER"]
[SourceTitle "playchess.com"]
[Source "ChessBase"]
[SourceQuality "1"]
[TimeControl "40/5400+30:1800+30"]

1. e4 c5 2. Nf3 d6 3. d4 cxd4 4. Nxd4 Nf6 5. Nc3 a6 6. Bc4 e6 7. Bb3 Nc6 8. Nf3 {[%emt 0:03:29] B88: Sicilian: Sozin Attack.} Be7 9. O-O O-O 10. Bg5 b5 11. a3 Qc7 12. Re1 Bb7 13. Qe2 Rac8 14. Rad1 Rfd8 15. h3 Na5 16. Ba2 Nc4 17. Bc1 (17. Bxc4 $15 Qxc4 18. Qxc4 Rxc4 19. Nd2) 17... Nxa3 18. Nd4 Nc4 19. Bxc4 Qxc4 20. Qxc4 Rxc4 21. f3 h6 22. Nb3 Rcc8 23. Be3 b4 24. Na2 d5 25. exd5 (25. e5 {is a better defense.} Nd7 26. c3) 25... Nxd5 26. Bd4 Rxc2 27. Rc1 Rdc8 28. Bc5 $19 (28. Rxc2 Rxc2 29. Rc1 Rxc1+ 30. Naxc1) 28... Bxc5+ 0-1

[Event "LEM Sachsen-Anhalt Open 2024"]
[Site "Merseburg"]
[Date "2024.02.08"]
[Round "1.7"]
[White "Noack, Thomas"]
[Black "Schaefer, Toni"]
[Result "0-1"]
[ECO "B23"]
[WhiteElo "1941"]
[BlackElo "1381"]
[Annotator "RC"]
[PlyCount "88"]
[EventDate "2024.02.01"]
[EventType "swiss"]
[EventCountry "GER"]
[SourceTitle "playchess.com"]
[Source "ChessBase"]
[SourceQuality "1"]
[TimeControl "40/5400+30:1800+30"]

1. e4 c5 2. Nc3 d6 3. f4 g6 4. Nf3 Bg7 5. Bc4 e6 6. O-O Ne7 7. Qe1 O-O 8. d3 Nbc6 9. a3 a6 10. Ba2 b5 11. Qh4 Nd4 12. Nxd4 cxd4 13. Ne2 d5 14. f5 gxf5 15. Rf3 Ng6 16. Qh5 Re8 17. Rh3 Nf8 18. Bh6 Qf6 19. Bxg7 Kxg7 20. exd5 e5 21. Rf1 f4 22. Rhf3 Qg6 23. Qh4 Bg4 24. R3f2 Rac8 25. Bb3 Bd7 26. Nxf4 exf4 27. Qxf4 f5 28. Qxd4+ Qf6 29. Qxf6+ Kxf6 30. g4 Ng6 31. d6 f4 32. h3 Rc5 33. d4 Rc6 34. c3 Rxd6 35. Bc2 Re3 36. Bxg6 Kxg6 37. Rxf4 Rxh3 38. Kg2 Re3 39. Rf8 Re2+ 40. Kg3 Re3+ 41. Kf4 Rde6 42. Rg8+ Kf7 43. Rb8 Kg7 44. Rg1 h6 0-1

[Event "LEM Sachsen-Anhalt Open 2024"]
[Site "Merseburg"]
[Date "2024.02.08"]
[Round "1.8"]
[White "Wehrmann, Jens"]
[Black "Geldner, Gerrit"]
[Result "0-1"]
[ECO "B21"]
[WhiteElo "1415"]
[BlackElo "1889"]
[Annotator "NA RC"]
[PlyCount "50"]
[EventDate "2024.02.01"]
[EventType "swiss"]
[EventCountry "GER"]
[SourceTitle "playchess.com"]
[Source "ChessBase"]
[SourceQuality "1"]
[TimeControl "40/5400+30:1800+30"]

1. e4 c5 2. d3 Nc6 3. f4 e6 4. Nf3 g6 5. Be2 Bg7 6. O-O {[%emt 0:00:24] B21: Sicilian: 2 f4 and Morra Gambit.} Nge7 7. c3 O-O 8. Na3 d5 9. Nc2 {[%emt 0:10:44] 9.e5 is vanishing.} b6 10. Qe1 Ba6 11. Qh4 $146 ({Predecessor:} 11. e5 $11 d4 12. c4 Bb7 13. a3 a5 14. Rb1 a4 15. b4 axb3 16. Rxb3 Na5 17. Rb2 {0-1 Rendle,T (2375)-Siva,M (2349) Titled Tuesday intern op 11th Apr Early blitz 2023 (9)}) 11... dxe4 12. Ng5 {[%emt 0:07:50] [#]} h6 ({Inferior is} 12... Bxd3 13. Qxh7#) ({Black should try} 12... h5 $1 $17 13. Nxe4 Bxd3) 13. Nxe4 Nf5 14. Qxd8 Raxd8 15. Rf3 h5 16. Bf1 Rd7 17. Bd2 Rfd8 18. Nf2 e5 19. Rd1 c4 20. Bc1 cxd3 $17 21. Bxd3 e4 22. Nxe4 Bxd3 23. Ne1 Bxe4 24. Rxd7 Rxd7 25. Rf2 Rd1 0-1

[Event "LEM Sachsen-Anhalt Open 2024"]
[Site "Merseburg"]
[Date "2024.02.08"]
[Round "1.9"]
[White "Winnig, Bernd"]
[Black "Ziem, Ole"]
[Result "1-0"]
[ECO "E91"]
[WhiteElo "1883"]
[BlackElo "1391"]
[Annotator "NA RC"]
[PlyCount "93"]
[EventDate "2024.02.01"]
[EventType "swiss"]
[EventCountry "GER"]
[SourceTitle "playchess.com"]
[Source "ChessBase"]
[SourceQuality "1"]
[TimeControl "40/5400+30:1800+30"]

1. d4 Nf6 2. c4 g6 3. Nc3 Bg7 4. e4 d6 5. Be2 O-O 6. Nf3 Nbd7 7. O-O c5 8. dxc5 Nxc5 9. Qc2 b6 {[%emt 0:05:25] E91: King's Indian: Classical: 6 Be2, unusual replies including 6...c5 and 6...Bg4.} 10. Be3 Bb7 11. Bxc5 bxc5 12. Rad1 Qb8 13. b3 Rd8 14. Rfe1 Bc6 (14... e6 $15) 15. e5 $1 dxe5 16. Rxd8+ Qxd8 17. Nxe5 Bb7 18. Bf3 Bxf3 19. Nxf3 Qc7 20. Rd1 Rd8 21. Rd3 Rd6 $2 (21... Rxd3 $11 {and Black stays safe.} 22. Qxd3 h6) 22. Nb5 Qd8 23. Nxd6 exd6 24. Qe2 Qc7 25. Nd2 Qc6 (25... h6 {is a better defense.} 26. h3 Kh7) 26. Qf3 Qc7 27. Qa8+ Bf8 28. Ne4 Nxe4 29. Qxe4 Qa5 30. Qe2 h6 31. Qd2 Qc7 32. Rf3 Bg7 33. Qd5 Qe7 34. Re3 Qd7 35. Qa8+ Kh7 36. g3 Bd4 37. Rf3 Qe7 38. Qd5 Kg8 39. Kg2 h5 40. Rf4 Be5 41. Re4 Qc7 42. f4 Bg7 43. Re8+ Kh7 44. Qe4 Qa5 (44... Bf6 {keeps fighting.} 45. Kf1 a5) 45. Qe2 Qc3 $18 46. Re7 Kg8 47. Rxa7 1-0

[Event "LEM Sachsen-Anhalt Open 2024"]
[Site "Merseburg"]
[Date "2024.02.08"]
[Round "1.10"]
[White "Wusterhausen, Sven"]
[Black "Korte, Markus"]
[Result "0-1"]
[ECO "D48"]
[WhiteElo "1378"]
[BlackElo "1879"]
[Annotator "NA RC"]
[PlyCount "50"]
[EventDate "2024.02.01"]
[EventType "swiss"]
[EventCountry "GER"]
[SourceTitle "playchess.com"]
[Source "ChessBase"]
[SourceQuality "1"]
[TimeControl "40/5400+30:1800+30"]

1. d4 d5 2. c4 c6 3. Nc3 Nf6 4. Nf3 e6 5. e3 Nbd7 6. Bd3 dxc4 7. Bxc4 b5 8. Bd3 a6 9. Bd2 c5 10. dxc5 Nxc5 11. Be2 Bb7 12. a4 b4 13. Na2 {[%emt 0:00:00] [#]} a5 $15 14. Nc1 Bd6 15. O-O O-O 16. Bb5 Bc7 17. Qe2 Qd6 18. Rd1 Bxf3 19. Qxf3 Qxh2+ 20. Kf1 Rad8 21. g3 Nfe4 22. Ke1 Bxg3 23. fxg3 Rxd2 24. Rxd2 Qxd2+ 25. Kf1 Qxb2 0-1

[Event "LEM Sachsen-Anhalt Open 2024"]
[Site "Merseburg"]
[Date "2024.02.08"]
[Round "2.1"]
[White "Urban, Tom"]
[Black "Moser, Axel"]
[Result "1-0"]
[ECO "B13"]
[WhiteElo "1696"]
[BlackElo "2094"]
[Annotator "NA RC"]
[PlyCount "63"]
[EventDate "2024.02.01"]
[EventType "swiss"]
[EventCountry "GER"]
[SourceTitle "playchess.com"]
[Source "ChessBase"]
[SourceQuality "1"]
[TimeControl "40/5400+30:1800+30"]

1. e4 c6 2. d4 d5 3. exd5 cxd5 4. Bd3 Nc6 $11 5. c3 Nf6 6. Nf3 Bg4 7. Bf4 e6 8. Nbd2 Bd6 9. Bxd6 Qxd6 10. O-O O-O 11. Qc2 Rfc8 12. a3 a6 13. Rae1 Rab8 14. h3 Bxf3 15. Nxf3 Qc7 16. Re3 b5 17. Qe2 Na5 18. Ne5 Nc4 19. Rg3 a5 20. f4 Rb6 21. f5 Re8 22. Kh2 exf5 23. Bxc4 bxc4 24. Rxf5 Ne4 25. Rxf7 Nxg3 26. Qg4 Rg6 27. Qxg6 hxg6 28. Rxc7 Nf1+ 29. Kg1 Ne3 30. Rb7 Kh7 31. Kf2 Nf5 32. a4 1-0

[Event "LEM Sachsen-Anhalt Open 2024"]
[Site "Merseburg"]
[Date "2024.02.08"]
[Round "2.2"]
[White "Carnot, Luca"]
[Black "Haensel, Mathias"]
[Result "1-0"]
[ECO "E90"]
[WhiteElo "2063"]
[BlackElo "1689"]
[Annotator "NA RC"]
[PlyCount "95"]
[EventDate "2024.02.01"]
[EventType "swiss"]
[EventCountry "GER"]
[SourceTitle "playchess.com"]
[Source "ChessBase"]
[SourceQuality "1"]
[TimeControl "40/5400+30:1800+30"]

1. d4 Nf6 2. Nf3 g6 3. c4 d6 4. Nc3 Bg7 $14 5. e4 O-O 6. h3 Nc6 7. Be3 e5 8. d5 Ne7 9. g4 a6 10. Be2 c6 11. a4 Qa5 12. Nd2 Nd7 13. Rg1 h6 14. Nb3 Qc7 15. a5 b6 16. axb6 Nxb6 17. c5 Nd7 18. dxc6 Nxc6 19. cxd6 Qb8 20. Ra3 Rd8 21. Qd2 Kh7 22. Bc4 f6 23. Bd5 Bb7 24. Bxc6 Bxc6 25. Na5 Bb5 26. Nd5 Nf8 27. Nc7 Ne6 28. Nxa8 Rxd6 29. Qc2 Qxa8 30. f3 Nd4 31. Bxd4 Rxd4 32. Rc3 Qf8 33. Nb3 Qb4 34. Kf2 Ba4 35. Rd1 Qb6 36. Kg2 Rb4 37. Rdd3 Bb5 38. Re3 Ba4 39. Red3 Bb5 40. Re3 Ba4 41. Qd1 h5 42. gxh5 gxh5 43. f4 Bh6 44. Qxh5 exf4 45. Rg3 fxg3 46. Rxg3 Be8 47. Qxe8 Qb8 48. Qg6+ 1-0

[Event "LEM Sachsen-Anhalt Open 2024"]
[Site "Merseburg"]
[Date "2024.02.08"]
[Round "2.4"]
[White "Hentzgen, Thomas"]
[Black "Patzschke, Carlo"]
[Result "1/2-1/2"]
[ECO "A36"]
[WhiteElo "1939"]
[BlackElo "1636"]
[Annotator "NA RC"]
[PlyCount "40"]
[EventDate "2024.02.01"]
[EventType "swiss"]
[EventCountry "GER"]
[SourceTitle "playchess.com"]
[Source "ChessBase"]
[SourceQuality "1"]
[TimeControl "40/5400+30:1800+30"]

1. c4 Nf6 2. Nc3 g6 3. e4 d6 4. Nge2 Bg7 5. g3 O-O 6. Bg2 c5 7. O-O Nc6 8. d3 Rb8 9. Rb1 a6 10. a3 b5 11. cxb5 axb5 12. b4 cxb4 13. axb4 Ne8 {[%emt 0:06:34] A36: Symmetrical English vs ...g6: 4 Bg2 Bg7.} 14. Be3 Nc7 15. Qd2 Bd7 16. Bh6 Bxh6 17. Qxh6 Ne6 18. Nd5 Ned4 19. Nxd4 $11 Nxd4 20. Qe3 Nc6 1/2-1/2

[Event "LEM Sachsen-Anhalt Open 2024"]
[Site "Merseburg"]
[Date "2024.02.08"]
[Round "2.5"]
[White "Dobierzin, Olaf"]
[Black "Sikorra, Philipp"]
[Result "1-0"]
[ECO "B00"]
[WhiteElo "1927"]
[BlackElo "1667"]
[Annotator "NA RC"]
[PlyCount "71"]
[EventDate "2024.02.01"]
[EventType "swiss"]
[EventCountry "GER"]
[SourceTitle "playchess.com"]
[Source "ChessBase"]
[SourceQuality "1"]
[TimeControl "40/5400+30:1800+30"]

1. e4 Nc6 2. Nf3 f5 3. exf5 d5 4. d4 Bxf5 5. Bb5 Qd6 6. O-O {[%emt 0:01:51] B00: Queen's Fianchetto Defence, Nimzowitsch Defence.} h6 7. Ne5 g6 8. c3 Bg7 9. Bf4 Qf6 10. Bg3 h5 11. Nxc6 bxc6 12. Be5 Qe6 13. Bxg7 Rh7 14. Be5 cxb5 15. Bxc7 Nf6 16. Re1 Qd7 17. Be5 Rf7 18. Nd2 Kf8 19. Bg3 Kg8 20. Nf3 Bg4 21. Ne5 Bxd1 22. Nxd7 Nxd7 23. Raxd1 g5 24. f3 $18 Raf8 25. Re6 g4 26. fxg4 Nf6 27. gxh5 Nxh5 28. Be5 Nf4 29. Bxf4 Rxf4 30. Re2 R8f7 31. g3 R4f6 32. Rde1 Kf8 33. Re5 Rf2 34. R1e2 Rf1+ 35. Kg2 Ra1 36. a3 1-0

[Event "LEM Sachsen-Anhalt Open 2024"]
[Site "Merseburg"]
[Date "2024.02.08"]
[Round "2.6"]
[White "Geldner, Gerrit"]
[Black "Shevchenko, Igor"]
[Result "1-0"]
[ECO "A24"]
[WhiteElo "1889"]
[BlackElo "2105"]
[Annotator "TA"]
[PlyCount "75"]
[EventDate "2024.02.01"]
[EventType "swiss"]
[EventCountry "GER"]
[SourceTitle "playchess.com"]
[Source "ChessBase"]
[SourceQuality "1"]
[TimeControl "40/5400+30:1800+30"]

1. c4 Nf6 2. Nc3 g6 3. g3 Bg7 4. Bg2 O-O 5. e4 d6 6. Nge2 e5 7. d3 Nbd7 8. O-O Nc5 9. h3 a5 10. Be3 Ne6 {[%emt 0:05:38] White is slightly better.} 11. f4 exf4 12. gxf4 Nh5 (12... Bh6 $14) 13. f5 $16 Nc5 14. Qd2 Nd7 15. d4 c5 (15... Nb6 $16 {might work better.}) 16. dxc5 $1 $18 dxc5 17. Rad1 Qe7 18. b3 Qe5 19. Qd6 $2 (19. Nd5 $18) 19... Qxd6 $14 20. Rxd6 {[%emt 0:00:00] Strongly threatening Nd5.} Be5 21. Rd3 Ra6 {[%emt 0:00:00] [#]} (21... b6 $14) 22. Rfd1 $1 $36 {[%emt 0:00:00][%mdl 2048] White is really pushing.} Nhf6 {[%emt 0:00:00] [#]} 23. Nd5 $1 Re8 24. fxg6 {[%emt 0:00:00] White is more active.} hxg6 25. Nxf6+ Rxf6 {[%emt 0:00:00] This move loses the game for Black.} (25... Nxf6 $16 26. Bxc5 a4) 26. Rxd7 $18 Bxd7 27. Rxd7 b6 28. Bg5 Rc6 (28... Rd6 {is a better defense.} 29. Rxd6 Bxd6) 29. Nf4 Bd4+ 30. Kf1 Re5 {[%emt 0:00:00] [#]} 31. Nd5 $1 Kg7 32. h4 Ree6 33. a4 {[%emt 0:00:00] White is clearly winning.} Rcd6 34. Rb7 Bb2 35. Ke2 Ba3 (35... Ba1 $142 36. Bf3 Kg8 37. Rb8+ Kh7) 36. Kd3 Bb4 37. Bh3 Re8 38. Be7 {[%emt 0:00:00] Weighted Error Value: White=0.18 (very precise) /Black=0.39.  Missed win:     	White=1     	---        Mistake:       	---       	Black=6      Inaccurate:     	White=1     	Black=3      OK:         	White=12    	Black=6      Best:        	White=3     	Black=1      Strong:       	White=1     	---} 1-0

[Event "LEM Sachsen-Anhalt Open 2024"]
[Site "Merseburg"]
[Date "2024.02.08"]
[Round "2.7"]
[White "Brueckner, Julian"]
[Black "Winnig, Bernd"]
[Result "0-1"]
[ECO "C10"]
[WhiteElo "1592"]
[BlackElo "1883"]
[Annotator "NA RC"]
[PlyCount "72"]
[EventDate "2024.02.01"]
[EventType "swiss"]
[EventCountry "GER"]
[SourceTitle "playchess.com"]
[Source "ChessBase"]
[SourceQuality "1"]
[TimeControl "40/5400+30:1800+30"]

1. e4 e6 2. d4 d5 3. Nd2 dxe4 4. Nxe4 Nd7 5. Nf3 Ngf6 6. Bd3 Be7 7. O-O Nxe4 8. Bxe4 Nf6 9. Bd3 O-O 10. c3 c5 11. Be3 Nd5 12. Qe2 Nxe3 13. fxe3 h6 14. Rad1 Qc7 15. Bb1 Bd7 16. Qd3 f5 17. dxc5 Rad8 18. Qe2 Qxc5 19. Nd4 Bf6 20. e4 e5 21. b4 Qb6 22. Qc4+ Kh8 23. Qd3 exd4 24. cxd4 Bb5 25. Qh3 Bxf1 26. Rxf1 Rxd4 27. Kh1 fxe4 28. Qf5 Qxb4 29. Rg1 Bg5 30. Qh3 Qd2 31. Qa3 Rfd8 32. Rf1 Qc1 33. Qxc1 Bxc1 34. Bc2 Ba3 35. Re1 Rd2 36. Bb3 e3 0-1

[Event "LEM Sachsen-Anhalt Open 2024"]
[Site "Merseburg"]
[Date "2024.02.08"]
[Round "2.8"]
[White "Korte, Markus"]
[Black "Donath, Simon"]
[Result "1-0"]
[ECO "B14"]
[WhiteElo "1879"]
[BlackElo "1589"]
[Annotator "NA"]
[PlyCount "205"]
[EventDate "2024.02.01"]
[EventType "swiss"]
[EventCountry "GER"]
[SourceTitle "playchess.com"]
[Source "ChessBase"]
[SourceQuality "1"]
[TimeControl "40/5400+30:1800+30"]

1. e4 c6 2. d4 d5 3. exd5 cxd5 4. c4 Nf6 5. Nc3 e6 6. Nf3 Nc6 7. Bg5 Be7 8. c5 Ne4 9. Bxe7 Qxe7 10. Bb5 {[%emt 0:10:03] B14: Caro-Kann: Panov-Botvinnik Attack with 5...e6 and 5...g6.} Bd7 11. O-O O-O 12. Re1 Nxc3 13. bxc3 b6 14. cxb6 axb6 15. Qe2 Ra5 16. Reb1 Rc8 17. Rb3 Na7 18. Bd3 Ba4 19. Rxb6 Qc7 20. Rab1 Qxc3 21. h3 Nc6 {[%emt 0:01:51] [#]} 22. Qe3 $2 (22. Ng5 $1 $18 Nd8 (22... Nxd4 $2 {loses.} 23. Bxh7+ Kf8 24. Qe5 $18) 23. Bxh7+ Kf8 24. Rxe6) 22... Ne7 23. Rb8 g6 $2 (23... h6) 24. Rc1 Qxc1+ 25. Qxc1 Rxb8 26. Qc7 Nc6 27. Ne5 Ra7 28. Qd6 Rc8 29. Nf3 Bd1 30. Ng5 Nxd4 31. Qb6 Ra4 32. Nxf7 Rca8 33. Ng5 R8a7 34. Nxe6 Nxe6 35. Qxe6+ Kg7 36. Qe5+ Kh6 37. Qxd5 R7a5 38. Bb5 Rxa2 39. Qd3 R2a3 40. Qd2+ Kg7 41. Kh2 Bb3 42. Qd6 Ra7 43. Bd7 Bf7 44. Bg4 R7a6 45. Qd4+ Rf6 46. Bf3 Raa6 47. Be4 Ra2 48. f3 Raa6 49. g4 Rad6 50. Qc3 g5 51. h4 h6 52. f4 Kg8 53. fxg5 hxg5 54. hxg5 Rfe6 55. Qc8+ Re8 56. Qc2 Rde6 57. Bh7+ Kg7 58. Bd3 R8e7 59. Qc3+ Kg8 60. g6 Rxg6 61. Bxg6 Bxg6 62. Kg3 Kh7 63. Kh4 Rg7 64. Kg5 Rd7 $2 (64... Be8+ $18 65. Kf4 Rf7+ 66. Kg3 Rg7) 65. Qh3+ Kg7 66. Qh6+ Kg8 67. Kf6 $2 (67. Qxg6+ {mates} Kf8 68. Qf5+ Ke8 69. Qxd7+ Kxd7 70. Kf6 Kd8 71. Kf7 Kc7 72. g5) 67... Bh7 $2 (67... Be8 $18) 68. Qg5+ Kh8 69. Ke6 Rg7 70. Qf6 Bg8+ 71. Ke5 Bf7 72. g5 Kg8 73. Qd8+ Kh7 74. Kf6 Bh5 75. Qd2 $2 (75. Qd5 {mates} Kh8 76. Qh1 Rf7+ 77. Ke5 (77. Ke6 Rh7 $18) 77... Re7+ 78. Kd4 Rd7+ 79. Kc3 Rc7+ 80. Kb4) 75... Rf7+ 76. Ke6 $14 Kg6 $1 77. Qe3 Bg4+ 78. Kd6 Bf5 {[%emt 0:00:21] [#]} 79. Qg3 (79. Qe8 $1 $16 ) 79... Rd7+ 80. Kc6 Re7 81. Kc5 Re6 {[%emt 0:00:23] [#]} (81... Re4 $14) 82. Qh4 $1 Kg7 83. Kd5 Rg6 (83... Kf7 $16 {might work better.} 84. Qh8 Kg6) 84. Ke5 Bd7 85. Qf4 Be8 86. Qh4 Bf7 87. Kf4 Rc6 88. Qg3 Rc4+ 89. Ke5 Rc5+ 90. Kd6 Rd5+ 91. Ke7 Kg6 92. Qf4 Rf5 93. Qh4 Re5+ 94. Kd7 Rxg5 95. Qe4+ Rf5 96. Ke7 Bd5 97. Qg4+ Rg5 98. Qh4 Rf5 99. Kd6 Bf7 100. Qg3+ Rg5 101. Qd3+ Kh6 102. Ke7 Bg6 103. Qe3 1-0

[Event "LEM Sachsen-Anhalt Open 2024"]
[Site "Merseburg"]
[Date "2024.02.08"]
[Round "2.9"]
[White "Golitsyn, Yuri"]
[Black "Schaefer, Toni"]
[Result "1-0"]
[ECO "A45"]
[WhiteElo "1781"]
[BlackElo "1381"]
[Annotator "NA RC"]
[PlyCount "147"]
[EventDate "2024.02.01"]
[EventType "swiss"]
[EventCountry "GER"]
[SourceTitle "playchess.com"]
[Source "ChessBase"]
[SourceQuality "1"]
[TimeControl "40/5400+30:1800+30"]

1. d4 Nf6 2. Bf4 g6 3. Nc3 d5 4. e3 Bg7 5. Nb5 Na6 6. Nf3 c6 7. Nc3 Nc7 8. Be2 O-O 9. O-O Nce8 10. h3 Nd6 11. Be5 a5 12. Na4 b5 13. Nc5 Nfe4 14. Bxg7 Kxg7 15. Ne5 Qc7 16. Ned3 Nxc5 17. Nxc5 Ne4 18. Nxe4 dxe4 19. c3 Rd8 20. Qc2 f5 21. Rfd1 Ba6 22. Rd2 c5 23. Rad1 cxd4 24. Rxd4 Rxd4 25. Rxd4 b4 26. Bxa6 Rxa6 27. c4 Rd6 28. b3 Qc5 29. Qd2 Kf7 30. Rxd6 exd6 31. Qd4 Kg8 32. Qf6 Qc7 33. h4 Qc5 34. h5 gxh5 35. Qg5+ Kh8 36. Qxh5 Qe5 37. Qd1 Kg7 38. Qd4 Kf6 39. g3 Ke6 40. Kg2 h5 41. Kh3 Qf6 42. Qd5+ Ke7 43. Qxa5 h4 44. Qa7+ Ke6 45. Qh7 hxg3 46. Kxg3 Qg5+ 47. Kh2 Qg4 48. Qh3 Qe2 49. Qh6+ Ke5 50. Qh8+ Ke6 51. Qg8+ Ke5 52. Qd5+ Kf6 53. Qxd6+ Kf7 54. Kg1 Qxa2 55. Qxb4 Qa1+ 56. Kg2 Qd1 57. Qb7+ Kg6 58. Qd5 Qxb3 59. Qd6+ Kh5 60. c5 Qg8+ 61. Qg3 Qd5 62. Qd6 Qg8+ 63. Kf1 Qc4+ 64. Kg1 Qg8+ 65. Kh2 Qa2 66. Qf4 Qd5 67. c6 Qxc6 68. Qxf5+ Kh6 69. Kg3 Qc2 70. Kh4 Qb1 71. Qe6+ Kh7 72. Kg5 Qg1+ 73. Qg4 Qxf2 74. Qf5+ 1-0

[Event "LEM Sachsen-Anhalt Open 2024"]
[Site "Merseburg"]
[Date "2024.02.08"]
[Round "2.10"]
[White "Binnewies, Markus"]
[Black "Noennig, Lotte"]
[Result "1-0"]
[ECO "D37"]
[WhiteElo "1772"]
[BlackElo "1345"]
[Annotator "NA RC"]
[PlyCount "69"]
[EventDate "2024.02.01"]
[EventType "swiss"]
[EventCountry "GER"]
[SourceTitle "playchess.com"]
[Source "ChessBase"]
[SourceQuality "1"]
[TimeControl "40/5400+30:1800+30"]

1. d4 d5 2. c4 e6 3. Nf3 Nf6 4. Qc2 Be7 5. Nc3 O-O 6. cxd5 exd5 7. Bf4 Nbd7 8. h3 c5 9. e3 Re8 10. Be2 a6 11. a4 cxd4 12. Nxd4 Bc5 13. O-O Qe7 14. Bf3 Nb6 15. a5 Nbd7 16. Bxd5 Ne5 17. Qb3 Ng6 18. Bg5 h6 19. Bxf6 Qxf6 20. Ne4 Qe7 21. Nxc5 Qxc5 22. Bxf7+ Kh8 23. Qc2 Qe5 24. Qxg6 Rf8 25. Be6 Bxe6 26. Qxe6 Qg5 27. Qg4 Qf6 28. Rac1 Rae8 29. Rc5 Qe7 30. Rf5 Rg8 31. Qg6 Qb4 32. b3 Qc3 33. Rh5 Re7 34. Nf5 Rc7 35. Nxh6 1-0